 Dungeon Sprint DCSS version 0.18-a0-1677-g2bdad6c (webtiles) character file.

1661 pipel the Cleaver (level 8, -3/123 HPs)
             Began as a Deep Dwarf Gladiator on Apr 2, 2016.
             Was an Elder of Okawaru.
             Slain by a vampire mosquito (7 damage)
             ... in the Dungeon (Sprint VII: "The Pits").
             The game lasted 00:03:30 (316 turns).

pipel the Cleaver (Deep Dwarf Gladiator)             Turns: 316, Time: 00:03:31

Health: -3/123     AC: 11    Str: 25    XL:     8   Next: 69%
Magic:  9/9        EV: 17    Int: 10    God:    Okawaru [****..]
Gold:   0          SH:  0    Dex: 13    Spells: 0 memorised, 7 levels left

rFire  . . .     SeeInvis .     a - +0 war axe
rCold  . . .     Gourm    .     w - +3 ring mail
rNeg   . . .     Faith    .     (no shield)
rPois  .         Spirit   .     c - +0 helmet
rElec  .         Dismiss  .     (no cloak)
rCorr  .         Reflect  .     (no gloves)
SustAt .         Harm     .     (no boots)
MR     +....     NoTele   +     (no amulet)
Stlth  ..........               (no ring)
                                (no ring)

@: berserking (expiring), non-regenerating, very quick, somewhat resistant to
hostile enchantments, extremely unstealthy
A: damage resistance, recharge devices, sense surroundings 1, slow regeneration
3
a: Device Recharging, Heroism, Renounce Religion


You were in the Dungeon.
You worshipped Okawaru.
Okawaru was greatly pleased with you.
You were not hungry.

You visited 1 branch

Inventory:

Hand Weapons
 a - a +0 war axe (weapon)
Missiles
 d - 3 throwing nets (quivered)
 p - 10 stones
Armour
 b - a +0 leather armour
 c - a +0 helmet (worn)
 v - a +3 chain mail
 w - a +3 ring mail (worn)
Magical Staves
 q - an uncursed staff of energy
Wands
 e - a wand of heal wounds (2/9)
Scrolls
 l - a scroll of blinking
 r - 3 scrolls of remove curse
 s - 5 scrolls of amnesia
 t - a scroll of summoning
 u - 2 scrolls of vulnerability
Potions
 g - 6 potions of curing
 h - 5 potions of heal wounds
 i - a potion of haste
 j - 4 potions of magic
 k - 2 potions of berserk rage
 o - 2 potions of invisibility
Comestibles
 f - 8 bread rations
 m - 40 fruits
 n - 7 meat rations


   Skills:
 + Level 8.4 Fighting
 + Level 12.4 Axes
 - Level 2.2 Throwing
 + Level 7.3 Armour
 + Level 12.1 Dodging
 + Level 2.1 Stealth
 + Level 2.4 Invocations
 + Level 2.5 Evocations


You had 7 spell levels left.
You didn't know any spells.

Dungeon Overview and Level Annotations

Branches:
Dungeon (1/1)

Altars:
Ashenzari
Cheibriados
Dithmenos
Elyvilon
Fedhas
Gozag
Kikubaaqudgha
Makhleb
Nemelex Xobeh
Okawaru
Pakellas
Qazlal
Ru
Sif Muna
Trog
Vehumet
Xom
Yredelemnul
Zin
The Shining One
Beogh
Jiyva
Lugonu


Innate Abilities, Weirdness & Mutations

You are resistant to damage.
You can recharge devices by infusing magical energy.
You passively map a small area around you.
You do not regenerate naturally.


Message History

The vampire mosquito is heavily damaged.
The vampire mosquito completely misses you.
You miss the vampire mosquito.
The vampire mosquito is heavily damaged.
The vampire mosquito misses you. The orc priest closely misses you.
You slash the vampire mosquito!
The vampire mosquito is almost destroyed.
The vampire mosquito misses you.
You completely miss the vampire mosquito.
The vampire mosquito is almost destroyed.
The vampire mosquito closely misses you.
The orc priest misses you.
The vampire mosquito completely misses you.
You barely miss the vampire mosquito.
The vampire mosquito is almost destroyed.
The vampire mosquito closely misses you.
You miss the vampire mosquito.
The vampire mosquito is almost destroyed.
The vampire mosquito bites you!
You die...

#.#..'.))).##.......# **
#.#..#.))).##.......#
#(###########.......#
#.†#.#.##..*#########*,,
#.))....#.######* *** ,
##.#.#.##.#..o.# *
#.......#†#{o..# , ,
##.#.#.##yF....+
#....).@#'#....#
##.#.#.†yo#oo..#
############### *


You could see a vampire mosquito and an orc priest.

Vanquished Creatures
  A deep elf mage (D)
  A red devil (D)
  Prince Ribbit (D)
  3 vampire mosquitoes (D)
  A phantom (D)
  A black bear (D)
  An ogre (D)
  A centaur (D)
  A giant frog (D)
  A hound (D)
  An orc wizard (D)
  An adder (D)
  An adder skeleton (D)
  A giant gecko (D)
  An orc (D)
  A ball python (D)
  A bat zombie (D)
  2 giant cockroaches (D)
  2 hobgoblins (D)
  8 jackals (D)
  A kobold (D)
32 creatures vanquished.

Vanquished Creatures (others)
  A ghost moth (D)
  A blizzard demon (D)
2 creatures vanquished.

Grand Total: 34 creatures vanquished

Notes
Turn   | Place    | Note
--------------------------------------------------------------
     0 | D        | pipel the Deep Dwarf Gladiator began the quest for the Orb.
     0 | D        | Reached XP level 1. HP: 19/19 MP: 1/1
     7 | D        | Killed a blizzard demon
    23 | D        | Found a sacrificial altar of Ru.
    23 | D        | Found a basalt altar of Yredelemnul.
    23 | D        | Found a glowing golden altar of the Shining One.
    23 | D        | Found a deep blue altar of Sif Muna.
    23 | D        | Found a burning altar of Makhleb.
    23 | D        | Found an ancient bone altar of Kikubaaqudgha.
    23 | D        | Found a glowing silver altar of Zin.
    24 | D        | Found a shadowy altar of Dithmenos.
    24 | D        | Found a bloodstained altar of Trog.
    24 | D        | Found a shattered altar of Ashenzari.
    24 | D        | Found a white marble altar of Elyvilon.
    24 | D        | Found a snail-covered altar of Cheibriados.
    24 | D        | Found a blossoming altar of Fedhas.
    24 | D        | Found a radiant altar of Vehumet.
    24 | D        | Found a shimmering altar of Xom.
    24 | D        | Found a sparkling altar of Nemelex Xobeh.
    24 | D        | Found a corrupted altar of Lugonu.
    24 | D        | Found a viscous altar of Jiyva.
    24 | D        | Found a roughly hewn altar of Beogh.
    24 | D        | Found an iron altar of Okawaru.
    25 | D        | Found an oddly glowing altar of Pakellas.
    28 | D        | Found a stormy altar of Qazlal.
    29 | D        | Found an opulent altar of Gozag.
    31 | D        | Became a worshipper of Warmaster Okawaru
    36 | D        | Killed a ghost moth
    61 | D        | Reached XP level 2. HP: 17/27 MP: 2/2
    82 | D        | Reached skill level 1 in Stealth
    84 | D        | Noticed a phantom
    92 | D        | Reached skill level 5 in Axes
    92 | D        | Reached skill level 5 in Dodging
   104 | D        | Killed a phantom
   104 | D        | Reached * piety under Okawaru
   104 | D        | Reached XP level 3. HP: 21/34 MP: 3/3
   104 | D        | Reached XP level 4. HP: 27/43 MP: 4/4
   163 | D        | Noticed a centaur
   164 | D        | Noticed a giant frog
   166 | D        | Noticed an ogre
   177 | D        | Killed a giant frog
   177 | D        | Reached XP level 5. HP: 31/50 MP: 2/5
   204 | D        | Killed an ogre
   204 | D        | Reached XP level 6. HP: 21/58 MP: 4/6
   205 | D        | Reached ** piety under Okawaru
   205 | D        | Reached skill level 5 in Fighting
   205 | D        | Reached skill level 5 in Armour
   205 | D        | Reached skill level 1 in Evocations
   218 | D        | Noticed a red devil
   230 | D        | HP: 2/61 [red devil/trident (7)]
   235 | D        | Killed a red devil
   235 | D        | Reached skill level 10 in Axes
   235 | D        | Reached skill level 10 in Dodging
   235 | D        | Reached skill level 1 in Invocations
   235 | D        | Reached XP level 7. HP: 25/69 MP: 4/8
   237 | D        | Noticed a deep elf mage
   271 | D        | Killed a deep elf mage
   271 | D        | Reached *** piety under Okawaru
   271 | D        | Reached XP level 8. HP: 15/80 MP: 7/9
   279 | D        | Noticed Prince Ribbit
   306 | D        | HP: 4/121 [Prince Ribbit (12)]
   307 | D        | Killed Prince Ribbit
   307 | D        | Reached **** piety under Okawaru
   316 | D        | Slain by a vampire mosquito

Vault maps used:
D:        pitsprint

Skill      XL: |  1  2  3  4  5  6  7  8 |
---------------+-------------------------+-----
Fighting       | 2 3 4 6 7 8 |  8.4
Axes           | 4 7 8 9 10 11 12 | 12.4
Throwing       | 2 |  2.2
Dodging        | 4 6 7 8 10 11 12 | 12.1
Stealth        | 1 2 |  2.1
Armour         | 2 3 4 5 6 7 |  7.3
Evocations     | 1 2 |  2.5
Invocations    | 1 2 |  2.4

Action                   |  1- 3 |  4- 6 |  7- 9 || total
-------------------------+-------+-------+-------++-------
Melee: War axe           |    39 |    40 |    56 ||   135
Invok: Heroism           |       |     2 |     1 ||     3
Evoke: Wand              |       |     2 |     1 ||     3
  Use: Potion            |     1 |       |     1 ||     2
 Stab: Sleeping          |     1 |       |       ||     1
